 Dungeon Crawl Stone Soup version 0.27-a0-828-g8289197e94 (webtiles) character file.

Game seed: 11801390081617904702

24 snetch the Ruffian (level 2, -3/29 HPs)
             Began as a Troll Monk on Mar 30, 2021.
             Slain by Terence
             ... wielding a +0 flail
              (9 damage)
             ... on level 2 of the Dungeon.
             The game lasted 00:01:13 (305 turns).

snetch the Ruffian (Troll Monk)                      Turns: 305, Time: 00:01:14

Health: -3/29      AC:  4    Str: 18    XL:     2   Next: 79%
Magic:  1/1        EV: 10    Int:  6    God:
Gold:   20         SH:  0    Dex: 12    Spells: 1/1 levels left

rFire    . . .     SeeInvis .     - Unarmed
rCold    . . .     Faith    .   (no shield)
rNeg     . . .     Spirit   .   a - +0 robe
rPois    .         Reflect  .   (helmet restricted)
rElec    .         Harm     .   (no cloak)
rCorr    .         Rampage  .   (gloves unavailable)
Will     .....                  (boots unavailable)
Stlth    ++........             (no amulet)
HPRegen  1.09/turn              (no ring)
MPRegen  0.07/turn              (no ring)

@: no status effects
A: large, unfitting armour, claws 3, regeneration 1, shaggy fur 1, tough skin 1
a: no special abilities


You were on level 2 of the Dungeon.
You visited 1 branch of the dungeon, and saw 2 of its levels.

You collected 20 gold pieces.

Inventory:

Hand Weapons
 c - a +4 dagger
Missiles
 h - 56 stones (quivered)
Armour
 a - a +0 robe (worn)
Scrolls
 e - a scroll of magic mapping {unknown}
 g - a scroll of identify {unknown}
Potions
 b - a potion of resistance {unknown}
 d - a potion of brilliance {unknown}
 f - a potion of haste {unknown}


   Skills:
 + Level 2.6 Fighting
 + Level 2.6 Dodging
 + Level 1.0 Stealth
 + Level 3.5 Unarmed Combat


You had one spell level left.
You didn't know any spells.
Your spell library was empty.

Dungeon Overview and Level Annotations

Branches:
Dungeon (2/15)

Altars:

Annotations:
D:2 Terence


Innate Abilities, Weirdness & Mutations

You are too large for most types of armour.
You have claws for hands.
Your natural rate of healing is unusually fast.
You are covered in fur. (AC +1)
You have tough skin. (AC +1)


Message History

You kill the frilled lizard!
No target in view!
h - 38 stones (gained 25)
h - 56 stones (gained 18)
Things that are here:
a +0 dagger; a goblin corpse You now have 20 gold pieces (gained 9).
Found an escape hatch in the floor.
There is an escape hatch in the floor here.
You slide downwards.
The hatch slams shut behind you.
A worm and a dart slug come into view.
The dart slug launches a dart at you. The slug dart hits you.
Terence the Incautious comes into view.
He is wielding a +0 flail.
The dart slug launches a dart at you. The slug dart hits you.
You completely miss the dart slug. You claw the dart slug!
You kill the dart slug!
The worm bites you!
You claw the worm!
The worm is severely wounded.
Terence shouts!
The worm bites you!
You scratch the worm.
The worm is severely wounded.
You scratch the worm.
You kill the worm!
You see here a worm corpse.
You scratch Terence.
Terence is lightly wounded.
Terence hits you with a +0 flail!
You claw Terence!
Terence is heavily wounded.
Terence hits you with a +0 flail!
* * * LOW HITPOINT WARNING * * *
You scratch Terence.
Terence is almost dead.
Terence hits you with a +0 flail!
You die...

.# .# ###+###.#
#.......#
###.......# #
#.........##.#
#.##.........#
#. +.........#
# #...@@....#
.............#
............#.#
+##.#######.# #
... ... ....
..# .. .# .#


You could see Terence.

Vanquished Creatures
  A worm (D:2)
  2 dart slugs
  2 ball pythons (D:1)
  2 endoplasms (D:1)
  3 goblins (D:1)
  3 hobgoblins (D:1)
  A bat (D:1)
  A frilled lizard (D:1)
  A rat (D:1)
16 creatures vanquished.

Notes
Turn   | Place    | Note
-------+----------+-------------------------------------------
     0 | D:1      | snetch the Troll Monk began the quest for the Orb.
     0 | D:1      | Reached XP level 1. HP: 22/22 MP: 0/0
    65 | D:1      | Reached XP level 2. HP: 29/29 MP: 1/1
   295 | D:2      | Noticed Terence
   305 | D:2      | Slain by Terence

Illustrated notes

Levels and vault maps discovered:
D:1:      scummos_arrival_checkerplants, layout_loops_ring, eino_curves_04,
          serial_park_tiny_pond, minmay_misc_feat_pillars, skrybe_limestone_x,
          minmay_misc_feat_rows
D:2:      lemuel_upstairs_altar, layout_basic, hangedman_decor_diamond_cutter,
          uniq_terence

Action                   || total
-------------------------++-------
Melee: Unarmed           ||    35
Armor: Robe              ||     5
Dodge: Dodged            ||     9

Table legend: (Time is in decaauts)
 A = Elapsed time spent in this place.
 B = Non-inter-level travel time spent in this place.
 C = Inter-level travel time spent in this place.
 D = Time resting spent in this place.
 E = Time spent auto-exploring this place.
 F = Levels seen in this place.
 G = Mean time per level.
                   A        B        C        D        E       F      G
               +--------+--------+--------+--------+--------+-----+--------+
         Total |    303 |    303 |      0 |      0 |    167 |   2 |  151.5 |
       Dungeon |    303 |    303 |      0 |      0 |    167 |   2 |  151.5 |
               +--------+--------+--------+--------+--------+-----+--------+

Top non-repeatable levels by time:
     D:1: 289 daAuts
     D:2: 13 daAuts
